 Dungeon Crawl Stone Soup version 0.31-a0-175-g9f7f995f2b (webtiles) character file.

Game seed: 18162805786118722701

805 qw the Skirmisher (level 7, -2/44 HPs)
             Began as a Gargoyle Hunter on June 16, 2023.
             Was an Initiate of Okawaru.
             Slain by a shadow (21 damage)
             ... on level 5 of the Dungeon.
             The game lasted 00:01:42 (3559 turns).

qw the Skirmisher (Gargoyle Hunter)                 Turns: 3559, Time: 00:01:43

Health: -2/44      AC: 12    Str: 14    XL:     7   Next: 91%
Magic:  5/7        EV: 13    Int: 10    God:    Okawaru [......]
Gold:   221        SH:  0    Dex: 15    Spells: 6/6 levels left

rFire   + . .        Y - +1 shortbow
rCold   + . .        (shield currently unavailable)
rNeg    + . .        j - +0 ring mail
rPois   inf          (no helmet)
rElec   +            (no cloak)
rCorr   +            (no gloves)
SInv    .            e - +0 pair of boots
Will    .....        (no amulet)
Stlth   +++          (no ring)
HPRegen 0.27/turn    (no ring)
MPRegen 0.10/turn

%: no passive effects
@: resistant, heroic
A: sickness immunity, AC +4, negative energy resistance 1, electricity
resistance, torment resistance 1, petrification resistance, hooves 1
a: Renounce Religion


You were on level 5 of the Dungeon.
You worshipped Okawaru.
Okawaru was noncommittal.
You visited 2 branches of the dungeon, and saw 7 of its levels.

You collected 221 gold pieces.


Innate Abilities, Weirdness & Mutations

You are immune to sickness and miasma.
Your stone body is resilient. (AC +4)
You are immune to poison.
You resist negative energy. (rN+)
You are resistant to electric shocks. (rElec)
You are resistant to unholy torment.
You are immune to petrification.
You have large cloven feet.


   Skills:
 - Level 5.5(10.5) Fighting
 - Level 8.0(13.0) Ranged Weapons
 + Level 1.8(6.8) Armour
 - Level 1.5(6.5) Dodging
 - Level 1.1(6.1) Stealth
 - Level 0.1 Invocations


You had 6 spell levels left.
You didn't know any spells.
Your spell library was empty.

Inventory:

Hand Weapons
 Y - a +1 shortbow (weapon)
Armour
 e - a +0 pair of boots (worn)
 j - a +0 ring mail (worn)
Scrolls
 g - a scroll of teleportation
 h - a scroll of identify
Potions
 a - a potion of heal wounds
 c - a potion of resistance
 d - a potion of haste {unknown}
 f - a potion of mutation
 i - a potion of curing {unknown}
 k - a potion of brilliance {unknown}
 l - a potion of magic {unknown}

Dungeon Overview and Level Annotations

Branches:
Dungeon (6/15)             Temple (1/1) D:5

Altars:
Ashenzari
Cheibriados
Dithmenos
Elyvilon
Fedhas
Gozag
Hepliaklqana
Makhleb
Nemelex Xobeh
Okawaru
Qazlal
Ru
Sif Muna
Trog
Vehumet
Wu Jian
Xom
Yredelemnul
Zin
The Shining One


Message History

You shoot an arrow. The arrow hits the orc.
You kill the orc!
Okawaru accepts your kill.
An orc wizard comes into view. It is wielding a +0 dagger.
The shadow slips into darkness.
The shadow flickers and vanishes!
Deactivating autopickup; reactivate with Ctrl-A.
You shoot an arrow. The orc wizard shouts!
The arrow hits the orc!
You kill the orc!
Okawaru accepts your kill.
An orc warrior comes into view. It is wielding a +0 battleaxe.
3555 ||| INVOKING Heroism.
You fail to use your ability.
The orc warrior shouts!
3556 ||| INVOKING Heroism.
You gain the combat prowess of a mighty hero.
You can no longer gain great but temporary skills.
The shadow strikes at you from the darkness!
Ouch! That really hurt!
Reactivating autopickup.
3557 ||| STAIRDANCE The shadow slips into darkness.
The shadow flickers and vanishes!
Deactivating autopickup; reactivate with Ctrl-A.
You climb upwards.
Reactivating autopickup.
There is a stone staircase leading down here.
Enter note:
Enter note:
Enter note:
Enter note:
Enter note:
Enter note:
Enter note:
Enter note:
Enter note: You start resting.
The shadow strikes at you from the darkness!
You die...

##.#........# ##..##.##
#...#.#.....# #..#####
##........### #..# ###....##..#
##.## ##...#####..####..#
#............##..## #####
##.........#..#..##
....####..###....###.....###
.....<....####..@# #.......####
...........##....###.....##!..#
......###..##.....#......######
...........#..............######
#..##..........................#
.####..###..#............#######
## #..# ##.##.........<## ##.# #
##.# #.###........## ##.## # #.#
#..##..#.....# #.##


There were no monsters in sight!

Vanquished Creatures
  An ice beast (D:5)
  A black bear (D:4)
  An ogre (D:5)
  A phantom (D:5)
  2 scorpions (D:5)
  2 hounds (D:5)
  A jelly (D:5)
  An iguana (D:5)
  An orc wizard (D:3)
  9 adders
  A worm (D:4)
  A dart slug (D:2)
  17 orcs
  7 bats
  5 endoplasms
  2 giant cockroaches
  6 goblins
  7 hobgoblins
  13 jackals
  4 kobolds
  8 quokkas
  9 ball pythons
  3 frilled lizards
  6 rats
  2 butterflies (D:5)
111 creatures vanquished.

Notes
Turn   | Place    | Note
-------+----------+-------------------------------------------
     0 | D:1      | qw the Gargoyle Hunter began the quest for the Orb.
     0 | D:1      | Reached XP level 1. HP: 12/12 MP: 1/1
     0 | D:1      | 0 ||| qw: Version: 0.2-a-29-g511e9b1
     0 | D:1      | 0 ||| qw: Game counter: 5778
     0 | D:1      | 0 ||| qw: Always use a shield: true
     0 | D:1      | 0 ||| qw: God list: Okawaru
     0 | D:1      | 0 ||| qw: Allow faded altars: false
     0 | D:1      | 0 ||| qw: Do Orc after D:15 true
     0 | D:1      | 0 ||| qw: Do second Lair branch before Depths: true
     0 | D:1      | 0 ||| qw: Lair rune preference: random
     0 | D:1      | 0 ||| qw: Plans: Normal, Zot:1-4, Slime:5, God:TSO, Crypt,
                  | Tomb, Abyss, Pan, Hells, Win
     0 | D:1      | 0 ||| PLANNING D:1-11
    58 | D:1      | Reached XP level 2. HP: 17/17 MP: 2/2
   363 | D:1      | Reached XP level 3. HP: 21/21 MP: 3/3
   549 | D:1      | Reached skill level 5 in Ranged Weapons
   617 | D:1      | 617 ||| READING scroll labelled GIUCHY REUWIU.
   618 | D:1      | 618 ||| DROPPING scroll of butterflies.
   685 | D:2      | Reached skill level 3 in Fighting
   738 | D:2      | Reached XP level 4. HP: 28/28 MP: 4/4
  1154 | D:2      | 1154 ||| UPGRADING to +0 pair of boots.
  1159 | D:2      | 1159 ||| READING scroll labelled UTUDGH VIEDUV.
  1160 | D:2      | 1160 ||| READING scroll labelled BIHADECZ EKLI.
  1192 | D:3      | Found a radiant altar of Vehumet.
  1204 | D:3      | 1204 ||| STAIRDANCE
  1293 | D:3      | Reached XP level 5. HP: 32/32 MP: 5/5
  1297 | D:3      | Reached skill level 6 in Ranged Weapons
  1411 | D:3      | Found a broken altar of Ashenzari.
  1419 | D:3      | Found a shadowy altar of Dithmenos.
  1594 | D:3      | 1594 ||| READING scroll labelled LYMOSE YRGHYLIU.
  1599 | D:3      | 1599 ||| READING scroll labelled VETUOKK DEMOITING.
  1645 | D:4      | Reached skill level 1 in Armour
  1668 | D:4      | Found a sparkling altar of Nemelex Xobeh.
  1746 | D:4      | Found a shimmering altar of Xom.
  1780 | D:4      | Noticed a black bear
  1788 | D:4      | Killed a black bear
  1789 | D:4      | Reached XP level 6. HP: 34/39 MP: 6/6
  2056 | D:4      | Found a snail-covered altar of Cheibriados.
  2366 | D:4      | 2366 ||| UPGRADING to +0 ring mail.
  2376 | D:4      | 2376 ||| DROPPING +0 leather armour.
  2377 | D:4      | 2377 ||| READING scroll labelled GUKLIL GIG XYR.
  2378 | D:4      | 2378 ||| READING scroll labelled IVVUTEGUS.
  2379 | D:4      | 2379 ||| DRINKING 2 brown potions.
  2401 | D:5      | Entered Level 5 of the Dungeon
  2471 | D:5      | Reached skill level 7 in Ranged Weapons
  2471 | D:5      | Reached XP level 7. HP: 34/44 MP: 7/7
  2477 | D:5      | 2477 ||| FLEEEEING.
  2478 | D:5      | 2478 ||| FLEEEEING.
  2479 | D:5      | 2479 ||| FLEEEEING.
  2480 | D:5      | 2480 ||| FLEEEEING.
  2481 | D:5      | 2481 ||| FLEEEEING.
  2482 | D:5      | 2482 ||| FLEEEEING.
  2486 | D:5      | 2486 ||| FLEEEEING.
  2487 | D:5      | 2487 ||| FLEEEEING.
  2488 | D:5      | 2488 ||| FLEEEEING.
  2489 | D:5      | 2489 ||| FLEEEEING.
  2490 | D:5      | 2490 ||| FLEEEEING.
  2491 | D:5      | 2491 ||| FLEEEEING.
  2492 | D:5      | 2492 ||| FLEEEEING.
  2493 | D:5      | 2493 ||| FLEEEEING.
  2494 | D:5      | 2494 ||| FLEEEEING.
  2495 | D:5      | 2495 ||| FLEEEEING.
  2496 | D:5      | 2496 ||| FLEEEEING.
  2497 | D:5      | 2497 ||| FLEEEEING.
  2498 | D:5      | 2498 ||| FLEEEEING.
  2499 | D:5      | 2499 ||| STAIRDANCE
  2526 | D:5      | 2526 ||| STAIRDANCE
  2579 | D:5      | Found a staircase to the Ecumenical Temple.
  2580 | D:5      | 2580 ||| PLANNING TEMPLE
  2588 | Temple   | Entered the Ecumenical Temple
  2644 | Temple   | 2644 ||| PLANNING OKAWARU WORSHIP
  2676 | Temple   | Became a worshipper of Warmaster Okawaru
  2677 | Temple   | 2677 ||| PLANNING D:1-11
  2926 | D:5      | Reached skill level 8 in Ranged Weapons
  3185 | D:5      | Reached * piety under Okawaru
  3430 | D:5      | 3430 ||| READING scroll labelled HEPLAF PEXEIWN.
  3431 | D:5      | 3431 ||| READING scroll labelled ITYUZIF OWN.
  3532 | D:5      | 3532 ||| DRINKING 2 murky green potions.
  3533 | D:5      | 3533 ||| DRINKING 2 emerald potions.
  3533 | D:5      | Gained mutation: You have large cloven feet. [potion of
                  | mutation]
  3534 | D:5      | 3534 ||| READING 2 scrolls of identify.
  3534 | D:5      | 3534 ||| IDENTIFYING purple potion
  3535 | D:5      | 3535 ||| DROPPING potion of degeneration.
  3552 | D:6      | Noticed a shadow
  3555 | D:6      | 3555 ||| INVOKING Heroism.
  3556 | D:6      | 3556 ||| INVOKING Heroism.
  3557 | D:6      | 3557 ||| STAIRDANCE
  3559 | D:5      | Slain by a shadow

Levels and vault maps discovered:
D:1:      minmay_arrival_doors, layout_basic
D:2:      wander_river, layout_rooms, ebering_dispersal_statue_hall
D:3:      layout_rooms, amethyst_overflow_temple_binary, fiery_altar_vehumet,
          minmay_misc_feat_ornament
D:4:      wad_woods_stonehenge, layout_gridville, slow_altar_1,
          general_overflow_altar, amcnicky_mini_corridor_feature,
          kennysheep_donut
D:5:      layout_layer_cave, minmay_temple_entry_statues_fountains,
          corexii_leaking_fountain, hangedman_glass_garden
D:6:      layout_basic, uniq_maggie
Temple:   regret_index_temple_waves

Skill      XL: |  1  2  3  4  5  6  7 |
---------------+----------------------+-----
Ranged Weapons | 5 6 7 8 |  8.0
Fighting       | 3 4 5 |  5.5
Armour         | 1 |  1.8
Dodging        | |  1.5
Stealth        | |  1.1
Invocations    | |  0.1

Action                     |  1- 3 |  4- 6 |  7- 9 || total
---------------------------+-------+-------+-------++-------
   Fire: Shortbow          |    99 |   220 |    82 ||   401
 Invoke: Heroism           |       |       |     1 ||     1
    Use: Scroll            |     1 |     6 |     3 ||    10
         Potion            |       |     1 |     2 ||     3
 Armour: Leather armour    |    31 |    47 |       ||    78
         Ring mail         |       |    13 |    31 ||    44
  Dodge: Dodged            |    29 |    79 |    59 ||   167

Table legend:
 A = Non-vault XP
 B = Vault XP
 C = Vault XP percentage of total XP
 D = Non-vault monster count
 E = Vault monster count
 F = Vault count percentage of total count
                 A         B        C        D         E       F
            +---------+---------+-------+---------+---------+-------
      Total |    1133 |      17 |   1.5 |     102 |       7 |   6.4
            +---------+---------+-------+---------+---------+-------
        D:1 |      41 |       0 |   0.0 |      26 |       0 |   0.0
        D:2 |      89 |       0 |   0.0 |      23 |       0 |   0.0
        D:3 |      72 |       0 |   0.0 |      13 |       0 |   0.0
        D:4 |     199 |      17 |   7.9 |      19 |       7 |  26.9
        D:5 |     723 |       0 |   0.0 |      18 |       0 |   0.0
        D:6 |       9 |       0 |   0.0 |       3 |       0 |   0.0
            +---------+---------+-------+---------+---------+-------
